 Dungeon Crawl Stone Soup version 0.14-a0-1761-gdbd231b (webtiles) character file.

1860 Psiweapon the Covert (level 9, -14/53 HPs)
             Began as an Octopode Artificer on Jan 4, 2014.
             Was a Follower of Nemelex Xobeh.
             Demolished by an orc warrior
             ... wielding a +0,+0 orcish hand axe
              (20 damage)
             ... on Level 7 of the Dungeon.
             The game lasted 00:56:59 (7770 turns).

Psiweapon the Covert (Octopode Artificer)           Turns: 7770, Time: 00:57:02

HP -14/53        AC  1     Str 10      XL: 9   Next:  9%
MP  24/26        EV 15     Int 15      God: Nemelex Xobeh [*.....]
Gold 64          SH  0     Dex 15      Spells:  0 memorised,  8 levels left

rFire  . . .     SeeInvis .     M - +5,+0 dagger (elec)
rCold  . . .     Clarity  .     (no shield)
rNeg   . . .     Conserve .     (helmet restricted)
rPois  .         rCorr    .     (no amulet)
rElec  .         rRot     .     A - ring of magical power
SustAb + .       Spirit   .     O - ring of sustain abilities
rMut   .         Warding  .     (no ring)
Saprov . . .     Stasis   .     (no ring)
                                (no ring)
                                (no ring)
                                (no ring)
                                (no ring)

@: about to teleport, slightly resistant to hostile enchantments, extremely
stealthy
A: almost no armour, amphibious, 8 rings, constrict 8, camouflage 1, gelatinous
body 1
a: Draw One, Renounce Religion


You were on level 7 of the Dungeon.
You worshipped Nemelex Xobeh.
Nemelex Xobeh was aware of your devotion.
You were very hungry.

You visited 2 branches of the dungeon, and saw 9 of its levels.

You collected 223 gold pieces.
You spent 159 gold pieces at shops.

Inventory:

Hand weapons
 a - a +0,+0 short sword
 p - a +0 blowgun
 u - a +1,+0 dwarven dagger
 w - a +0,+0 elven spear
 C - a +2,+1 sling
 M - a +5,+0 dagger of electrocution (weapon)
Missiles
 l - 4 javelins of penetration
 r - 5 tomahawks (quivered)
 s - 26 sling bullets
 z - 47 stones
 F - 5 poisoned needles
Armour
 t - a +0 large shield
Magical devices
 c - a wand of enslavement (1)
 g - a wand of magic darts (6)
 h - a wand of confusion (12)
 j - a wand of random effects (1)
 D - a wand of fireball (0)
Comestibles
 d - a meat ration
 f - 7 bread rations
 v - a honeycomb
 P - 3 rotting chunks of orc flesh
 R - a royal jelly
Scrolls
 n - a scroll of magic mapping {unknown}
 o - 3 scrolls of teleportation
 q - 3 scrolls of fear {unknown}
 x - 2 scrolls of enchant armour
 y - 5 scrolls of remove curse
 E - a scroll of blinking {unknown}
 H - 2 scrolls of recharging
 K - a scroll of enchant weapon II {unknown}
 N - a scroll of curse armour {unknown}
Jewellery
 e - an uncursed amulet of stasis
 A - a ring of magical power (left tentacle)
 O - a ring of sustain abilities (right tentacle)
Potions
 i - a potion of speed {unknown}
 k - a potion of restore abilities {unknown}
 B - a potion of mutation {unknown}
 I - 2 potions of curing
 Q - a potion of magic
Magical staves
 L - an uncursed staff of conjuration
Miscellaneous
 m - a plain deck of escape {drawn: 2}


   Skills:
 - Level 1.0 Fighting
 + Level 4.8 Short Blades
 - Level 1.9 Slings
 - Level 3.1 Throwing
 + Level 6.2 Dodging
 + Level 9.3 Stealth
 + Level 5.6 Evocations


You had 8 spell levels left.
You didn't know any spells.

Dungeon Overview and Level Annotations

Branches:
Dungeon (8/16)             Temple (1/1) D:5
   Lair: D:8-11

Altars:
Cheibriados
Elyvilon
Fedhas
Kikubaaqudgha
Makhleb
Nemelex Xobeh
Okawaru
Sif Muna
Trog
Vehumet
Xom
Yredelemnul
Zin
the Shining One

Shops:
D:4 (}:*/   D:5 (

Annotations:
D:4 exclusion: upstairs
D:5 exclusion: upstairs
D:6 Grinder
D:7 1 exclusion
D:8 Gastronok


Innate Abilities, Weirdness & Mutations

You cannot wear most types of armour.
You are amphibious.
You can wear up to eight rings at the same time.
You can use your tentacles to constrict many enemies at once.
Your skin changes colour to match your surroundings (Stlth).
Your rubbery body absorbs attacks (AC +1).


Message History

You hit the orc warrior but do no damage.
The orc warrior is lightly wounded.
You constrict the orc warrior, but do no damage.
The orc wizard closely misses you.
The orc warrior escapes!
You hit the orc wizard but do no damage.
Your grab misses the orc wizard.
The orc wizard hits you with an orcish dagger.
The orc warrior hits you with an orcish hand axe!
* * * LOW HITPOINT WARNING * * *
Wield which item (- for none, * to show all)? (? for menu, Esc to quit)
Okay, then.
Use which ability? (? or * to list) Draw from which deck? (? for menu, Esc to quit)
You draw a card...
It is the Portal.
You feel strangely unstable. The orc closely misses you.
The orc wizard hits you with an orcish dagger.
* * * LOW HITPOINT WARNING * * *
The orc warrior hits you with an orcish hand axe!
You die...
Your body glows slightly and disappears.

...# ##....##
.### ###.....#
.(.# #.....###
..(## ##....##
...(## #....##
....<###
##...##
##.....#
###....#
##....##
#.....##
##....###
###o@..##
##.....#
#..oo.##
##.(.o###....##
##....#.....#
##...o...###
#..>...##
###....# ######


You could see an orc warrior, an orc wizard and 2 orcs.

Vanquished Creatures
  Menkaure (D:4)
  A black bear (D:7)
  A sky beast (D:8)
  An orc warrior (D:6)
  4 ogres
  2 phantoms
  2 centaurs (D:6)
  2 goliath beetles (D:6)
  3 crimson imps
  5 orc priests
  A scorpion (D:7)
  3 hounds
  A jelly (D:8)
  3 orc wizards
  6 worker ants
  A sky beast zombie (D:4)
  A hound skeleton (D:5)
  5 adders
  An inept feature mimic (D:5)
  A worm zombie (D:4)
  2 giant mites
  2 worms
  A giant eyeball (D:5)
  5 giant geckos
  An ooze (D:2)
  16 orcs
  A ball python (D:1)
  12 bats
  5 giant cockroaches (D:1)
  12 goblins
  11 hobgoblins
  5 jackals
  11 kobolds
  3 quokkas
  5 giant newts
  A giant spore (D:8)
  A hobgoblin zombie (D:5)
  9 rats
148 creatures vanquished.

Vanquished Creatures (collateral kills)
  A giant gecko (D:6)
  2 orcs (D:4)
  A bat (D:6)
4 creatures vanquished.

Vanquished Creatures (others)
  A quokka (D:5)
1 creature vanquished.

Grand Total: 153 creatures vanquished

Notes
Turn   | Place    | Note
--------------------------------------------------------------
     0 | D:1      | Psiweapon, the Octopode Artificer, began the quest for the Orb.
     0 | D:1      | Reached XP level 1. HP: 13/13 MP: 1/1
   226 | D:1      | Reached XP level 2. HP: 5/18 MP: 3/3
   965 | D:1      | Reached XP level 3. HP: 20/23 MP: 4/4
  1453 | D:3      | Found a blossoming altar of Fedhas.
  1589 | D:2      | Found a blossoming altar of Fedhas.
  1633 | D:4      | Found Mesku's Gadget Boutique.
  1662 | D:4      | Reached skill level 4 in Stealth
  1664 | D:4      | Reached XP level 4. HP: 4/28 MP: 6/6
  2775 | D:3      | Reached skill level 5 in Stealth
  2851 | D:3      | Reached XP level 5. HP: 25/33 MP: 7/7
  3251 | D:4      | Found a sand-covered staircase.
  3269 | D:4      | Reached skill level 1 in Slings
  3583 | D:4      | Reached skill level 6 in Stealth
  3583 | D:4      | Reached XP level 6. HP: 31/38 MP: 9/9
  3588 | D:4      | Found Bairinoi's General Store.
  3608 | D:5      | Entered Level 5 of the Dungeon
  3681 | D:4      | Found Fuhe's Book Shoppe.
  3702 | D:5      | Found Weed Os Ska's Weapon Emporium.
  3807 | D:4      | Noticed a phantom
  3815 | D:4      | Killed a phantom
  3815 | D:4      | Reached skill level 1 in Throwing
  3866 | D:4      | Noticed Menkaure
  3867 | D:4      | Found Fruwn's Magical Wand Boutique.
  3879 | D:4      | Killed Menkaure
  3879 | D:4      | Reached XP level 7. HP: 7/43 MP: 10/10
  4171 | D:4      | Found Kuer's Weapon Shop.
  4354 | D:4      | Reached skill level 7 in Stealth
  4753 | D:5      | Reached skill level 5 in Dodging
  5107 | D:5      | Found a staircase to the Ecumenical Temple.
  5117 | Temple   | Entered the Ecumenical Temple
  5247 | Temple   | Became a worshipper of Nemelex Xobeh
  5386 | D:5      | Received a gift from Nemelex Xobeh
  5448 | D:5      | Reached XP level 8. HP: 42/48 MP: 12/12
  5931 | D:4      | Bought a +3,+0 dagger of electrocution for 159 gold pieces
  5994 | D:6      | Found an ancient bone altar of Kikubaaqudgha.
  6005 | D:6      | Reached skill level 8 in Stealth
  6145 | D:6      | Noticed Grinder
  6369 | D:6      | Acquired Nemelex Xobeh's first power
  6592 | D:6      | Reached skill level 5 in Evocations
  7114 | D:7      | Reached skill level 9 in Stealth
  7114 | D:7      | Reached XP level 9. HP: 5/53 MP: 17/17
  7645 | D:8      | Noticed Gastronok
  7770 | D:7      | Demolished by an orc warrior

Action                   |  1- 3 |  4- 6 |  7- 9 || total
-------------------------+-------+-------+-------++-------
Melee: Short sword       |     7 |    27 |     1 ||    35
       Dagger            |    83 |    39 |   102 ||   224
       Mace              |     9 |       |       ||     9
       Trident           |       |    27 |       ||    27
       Spear             |       |       |     4 ||     4
 Fire: Sling             |       |    46 |    12 ||    58
       Blowgun           |       |       |    55 ||    55
Throw: Tomahawk          |     5 |     9 |     5 ||    19
Invok: Draw One          |       |       |     2 ||     2
Evoke: Wand              |     3 |    14 |    58 ||    75
  Use: Scroll            |     1 |     2 |     7 ||    10
       Potion            |       |     4 |       ||     4
 Stab: Sleeping          |     9 |    11 |    11 ||    31
       Distracted        |     1 |       |       ||     1
       Confused          |       |       |     1 ||     1
